 Dungeon Crawl Stone Soup version 0.27-a0-1242-ge70438ac7b (webtiles) character file.

Game seed: 5838123180945028885

18 Glokmah the Insei (level 2, -6/18 HPs)
             Began as an Octopode Transmuter on June 9, 2021.
             Mangled by a phantom (9 damage)
             ... on level 2 of the Dungeon.
             The game lasted 00:01:40 (953 turns).

Glokmah the Insei (Octopode Transmuter)              Turns: 953, Time: 00:01:42

Health: -6/18      AC:  1    Str:  9    XL:     2   Next: 70%
Magic:  1/5        EV: 13    Int: 15    God:
Gold:   86         SH:  0    Dex: 12    Spells: 2/5 levels left

rFire    . . .     SeeInvis .     - Unarmed
rCold    . . .     Faith    .   (no shield)
rNeg     . . .     Spirit   .   (helmet currently unavailable)
rPois    .         Reflect  .   (no amulet)
rElec    .         Harm     .   (no ring)
rCorr    .         Rampage  .   (no ring)
Will     .....                  (no ring)
Stlth    ++........             (no ring)
HPRegen  0.06/turn              (no ring)
MPRegen  0.09/turn              (no ring)
                                (no ring)
                                (no ring)

@: appendages, wereblooded
A: tentacle spike 3, almost no armour, amphibious, 8 rings, camouflage 1,
gelatinous body 1, (nimble swimmer 1), tentacles
a: End Transformation


You were on level 2 of the Dungeon.
One of your tentacles had grown a beastly spike.
You visited 1 branch of the dungeon, and saw 2 of its levels.

You collected 86 gold pieces.

Inventory:

Wands
 f - a wand of paralysis (8)
Scrolls
 e - a scroll of fear {unknown}
 g - a scroll of identify {unknown}
Potions
 a - a potion of resistance {unknown}
 b - a potion of flight {unknown}
 c - 2 potions of attraction {unknown}
 d - a potion of lignification {unknown}


   Skills:
 + Level 1.3 Fighting
 - Level 2.0 Dodging
 * Level 3.3 Unarmed Combat
 + Level 2.1 Spellcasting
 * Level 2.4 Transmutations


You had 2 spell levels left.
You knew the following spells:

 Your Spells              Type           Power      Damage    Failure   Level
a - Beastly Appendage     Tmut           16%        N/A       9%          1
b - Wereblood             Tmut           8%         N/A       12%         2

Your spell library contained the following spells:

 Spells                   Type           Power      Damage    Failure   Level
 Spider Form              Tmut/Pois      2%         N/A       36%         3
 Ice Form                 Ice/Tmut       5%         N/A       78%         4


Dungeon Overview and Level Annotations

Branches:
Dungeon (2/15)

Altars:


Innate Abilities, Weirdness & Mutations

One of your tentacles has grown a beastly spike.
You cannot wear most types of armour.
You are amphibious.
You can wear up to eight rings at the same time.
Your skin changes colour to match your surroundings (Stealth+).
Your rubbery body absorbs attacks. (AC +1, EV +1)
((You are camouflaged near water. (Stealth+)))
You have tentacles for arms and can constrict up to eight enemies at once.


Message History

You closely miss the bat. You grab the bat.
You pierce the bat.
You kill the bat!
Your transformation is almost over.
No target in view!
No target in view!
Your tentacle spike disappears.
g - a scroll labelled PUTE UPSUA A phantom comes into view.
Casting: Beastly Appendage (safe; 9% risk of failure)
Confirm with . or Enter, or press ? or * to list all spells.
One of your tentacles grows a vicious spike.
Casting: Beastly Appendage (safe; 9% risk of failure)
Confirm with . or Enter, or press ? or * to list all spells.
Your blood is infused with primal strength.
Your transformation is almost over.
The phantom closely misses you.
You miss the phantom. You tentacle-slap the phantom.
You pierce the phantom.
Your squeeze misses the phantom.
The phantom is moderately damaged.
The phantom hits you.
The phantom blinks!
You blink.
You closely miss the phantom.
You pierce the phantom, but do no damage.
You squeeze the phantom, but do no damage.
The phantom is moderately damaged.
The phantom hits you.
The phantom blinks!
You blink.
The phantom hits you!
* * * LOW HITPOINT WARNING * * *
The phantom blinks!
You blink.
Casting: Wereblood (safe; 12% risk of failure)
Confirm with . or Enter, or press ? or * to list all spells.
You extend your transformation's duration.
The phantom closely misses you.
You tentacle-slap the phantom but do no damage.
You pierce the phantom, but do no damage.
You squeeze the phantom!
The phantom is heavily damaged.
The phantom hits you!
Ouch! That really hurt!
You die...

#...............#
#..........# #.#
#......#.#.# #.#
######......#.#.# #.#
#...........#.#.####.##
#.###........>.........
+............###...
#..W...##..........
#.@§...#####.######
#...§..# #.# #..
##......# #.# #.##
#<.###### #.# #.## ##.#
#.###.## .... #.......
##..... #####.#.
..#....# .######.#.
.+....# ........#.


You could see a phantom.

Vanquished Creatures
  5 ball pythons
  2 bats
  An endoplasm (D:2)
  2 giant cockroaches
  2 goblins
  A hobgoblin (D:2)
  A quokka (D:2)
  A kobold (D:1)
  2 rats
17 creatures vanquished.

Notes
Turn   | Place    | Note
-------+----------+-------------------------------------------
     0 | D:1      | Glokmah the Octopode Transmuter began the quest for the
                  | Orb.
     0 | D:1      | Reached XP level 1. HP: 13/13 MP: 3/3
   369 | D:1      | Reached XP level 2. HP: 13/18 MP: 3/5
   747 | D:1      | Learned a level 2 spell: Wereblood
   939 | D:2      | Noticed a phantom
   953 | D:2      | Mangled by a phantom

Illustrated notes

Levels and vault maps discovered:
D:1:      psy_arrival_conway, layout_basic
D:2:      layout_basic, hangedman_glass_teeth, minmay_misc_feat_enclosed

Action                   || total
-------------------------++-------
Melee: Unarmed           ||    33
       Constrict         ||    10
       Kick              ||    10
       Tentacles         ||     4
       Punch             ||     1
 Cast: Beastly Appendage ||    14
       Wereblood         ||     2
 Stab: Sleeping          ||     6
Armor: Skin              ||     4
Dodge: Dodged            ||    29

Table legend: (Time is in decaauts)
 A = Elapsed time spent in this place.
 B = Non-inter-level travel time spent in this place.
 C = Inter-level travel time spent in this place.
 D = Time resting spent in this place.
 E = Time spent auto-exploring this place.
 F = Levels seen in this place.
 G = Mean time per level.
                   A        B        C        D        E       F      G
               +--------+--------+--------+--------+--------+-----+--------+
         Total |    952 |    926 |     26 |      0 |    703 |   2 |  476.0 |
       Dungeon |    952 |    926 |     26 |      0 |    703 |   2 |  476.0 |
               +--------+--------+--------+--------+--------+-----+--------+

Top non-repeatable levels by time:
     D:1: 723 daAuts
     D:2: 229 daAuts
